 Dungeon Crawl Stone Soup version 0.23-a0-143-g1adec7b (webtiles) character file.

3129 corax the Skirmisher (level 9, -6/72 HPs)
             Began as a Mummy Berserker on Sept 2, 2018.
             Was a High Priest of Trog.
             Killed from afar by a starcursed mass (7 damage)
             ... with an accursed screaming
             ... on level 2 of the Abyss.
             The game lasted 00:18:52 (7889 turns).

corax the Skirmisher (Mummy Berserker)              Turns: 7889, Time: 00:18:52

Health: -6/72      AC: 19    Str: 24    XL:     9   Next: 61%
Magic:  9/9        EV: 10    Int:  6    God:    Trog [*****.]
Gold:   145        SH:  0    Dex: 12    Spells: 8/8 levels left

rFire    x . .     SeeInvis .   b - +4 mace of Gekuetol {vamp, *Corrode +Rage Str+3}
rCold    + . .     Gourm    .   (no shield)
rNeg     + + +     Faith    +   r - +3 chain mail "Hifixood" {rElec rN+ Str-2 Stlth+}
rPois    ∞         Spirit   .   (no helmet)
rElec    +         Reflect  .   q - +2 cloak
rCorr    .         Harm     .   n - +2 pair of gloves
MR       +....                  h - +0 pair of boots
Stlth    ..........             p - amulet of faith
HPRegen  0.22/turn              (no ring)
MPRegen  0.11/turn              (no ring)

@: very slightly contaminated
A: no food or potions, fire vulnerability, cold resistance 1, negative energy
resistance 3, torment resistance, unbreathing
a: Trog's Hand, Brothers in Arms, Renounce Religion


You were on level 2 of the Abyss.
You worshipped Trog.
Trog was extremely pleased with you.
You were not hungry.

You visited 1 branch of the dungeon, and saw 8 of its levels.
You visited the Abyss 1 time.
You also visited: Sewer.

You collected 508 gold pieces.
You spent 363 gold pieces at shops.

Inventory:

Hand Weapons
 a - a +2 spear of venom
 b - the +4 mace of Gekuetol (weapon) {vamp, *Corrode +Rage Str+3}
   (You found it on level 4 of the Dungeon)

   It inflicts no extra harm, but heals its wielder when it wounds a living foe.
   It affects your strength (+3).
   It lets you go berserk.
   It may corrode you when you take damage.
Missiles
 d - 16 javelins (quivered)
Armour
 h - a +0 pair of boots (worn)
 n - a +2 pair of gloves (worn)
 q - a +2 cloak (worn)
 r - the +3 chain mail "Hifixood" (worn) {rElec rN+ Str-2 Stlth+}
   (You bought it in a shop on level 7 of the Dungeon)

   It affects your strength (-2).
   It insulates you from electricity.
   It protects you from negative energy.
   It makes you more stealthy.
Jewellery
 c - a +2 ring of protection {unknown}
 k - an uncursed amulet of guardian spirit
 m - an uncursed ring of protection from cold {unknown}
 o - an uncursed ring of resist corrosion {unknown}
 p - an amulet of faith (around neck)
Wands
 s - a wand of random effects (27)
Scrolls
 e - 2 scrolls of identify
 f - 3 scrolls of remove curse
 i - 3 scrolls of fog
 j - a scroll of magic mapping
 l - 2 scrolls of teleportation
 t - 3 scrolls of noise {unknown}


   Skills:
 + Level 7.0 Fighting
 + Level 4.4 Maces & Flails
 + Level 6.4 Polearms
 + Level 2.2 Throwing
 + Level 3.0 Armour
 + Level 5.4 Dodging
 - Level 1.0 Stealth


You had 8 spell levels left.
You didn't know any spells.
Your spell library was empty.

Dungeon Overview and Level Annotations

Branches:
Dungeon (8/15)             Temple (0/1) D:7
   Lair: D:8-11

Altars:
Ashenzari
Trog
Xom

Shops:
D:4 }   D:7 :[=

Annotations:
D:8 Psyche


Innate Abilities, Weirdness & Mutations

You do not eat or drink.
Your flesh is vulnerable to fire.
You are immune to poison.
Your flesh is cold resistant. (rC+)
You are immune to negative energy. (rN+++)
You are immune to unholy pain and torment.
You can survive without breathing.


Message History

A chorus of shrieks assaults your mind. The ancient zyme closely misses you.
The ancient zyme hits you but does no damage.
You barely miss the ancient zyme.
The ancient zyme is lightly damaged.
The ancient zyme hits you!
* * * LOW HITPOINT WARNING * * *
The ancient zyme hits you but does no damage.
Blink to where?
Press: ? - help, Dir - move target cursor You are very lightly contaminated with residual magic.
As you read the scroll of blinking, it crumbles to dust.
A chorus of shrieks assaults your mind.
* * * LOW HITPOINT WARNING * * *
Found 22 arrows.
A chorus of shrieks assaults your mind.
* * * LOW HITPOINT WARNING * * *
Found a quarterstaff and 26 gold pieces.
A chorus of shrieks assaults your mind.
You die...

... $..... ....... # ..
...... ......%.## .. #
#.... .........#. .
##...###...#........ .
..#.(...#............ ..
........................
................ .# ....
.).....@..X......###.. #
..#.....#.........#.. .
##...###...#x...... ..
#.... #.....X.........
..###. ######X#.x...#.
.. .. ..#.#..#.... . #.
###..#.:#.#.. ..
....#..#...#
.#...#..X..#


You could see 3 starcursed masses and an ancient zyme.

Vanquished Creatures
  Joseph (D:8)
  Prince Ribbit (D:8)
  A water moccasin (D:7)
  An orc warrior (D:6)
  A black bear (D:6)
  An eye of draining (D:6)
  An ice beast (D:5)
  A sky beast (D:7)
  7 ogres
  A centaur (D:8)
  A big kobold (D:8)
  4 bullfrogs
  A crimson imp (D:6)
  A howler monkey (D:3)
  2 bullfrog zombies
  An orc priest (D:5)
  2 hounds
  5 jellies
  An iguana (D:7)
  An orc wizard (D:6)
  A bullfrog skeleton (D:6)
  2 centaur skeletons
  5 worker ants
  17 adders
  3 gnolls (D:5)
  A shadow imp (D:7)
  15 oozes
  An adder zombie (D:5)
  An adder skeleton (D:6)
  3 worms
  A dart slug (D:3)
  20 leopard geckos
  13 orcs
  9 ball pythons
  19 giant cockroaches
  7 goblins
  4 hobgoblins
  10 jackals
  8 kobolds
  2 quokkas
  5 bats
  19 frilled lizards
  A jackal skeleton (D:6)
  4 rats
206 creatures vanquished.

Notes
Turn   | Place    | Note
-------+----------+-------------------------------------------
     0 | D:1      | corax the Mummy Berserker began the quest for the Orb.
     0 | D:1      | Reached XP level 1. HP: 18/18 MP: 1/1
   295 | D:1      | Reached XP level 2. HP: 10/24 MP: 2/2
  1271 | D:2      | Reached XP level 3. HP: 29/29 MP: 3/3
  1766 | D:2      | Reached skill level 1 in Polearms
  1983 | D:2      | Reached XP level 4. HP: 28/37 MP: 4/4
  2176 | D:2      | Reached ** piety under Trog
  2614 | D:3      | Reached skill level 1 in Throwing
  2870 | D:3      | Reached skill level 4 in Fighting
  2870 | D:3      | Reached XP level 5. HP: 37/42 MP: 5/5
  3160 | D:4      | Found Obityruy's Gadget Shoppe.
  3376 | D:4      | Got an ancient mace
  3377 | D:4      | Identified the +4 mace of Gekuetol {vamp, *Corrode +Rage
                  | Str+3} (You found it on level 4 of the Dungeon)
  3476 | D:4      | Noticed an ogre
  3484 | D:4      | Killed an ogre
  3609 | D:4      | Reached XP level 6. HP: 48/48 MP: 6/6
  4345 | D:5      | Entered Level 5 of the Dungeon
  4353 | D:5      | Noticed an ice beast
  4377 | D:5      | Killed an ice beast
  4377 | D:5      | Reached skill level 1 in Stealth
  4491 | D:5      | Found a glowing drain.
  4518 | Sewer    | Entered a sewer
  4520 | Sewer    | Reached *** piety under Trog
  4727 | Sewer    | Reached XP level 7. HP: 55/55 MP: 7/7
  4836 | Sewer    | Reached **** piety under Trog
  5018 | D:5      | Reached skill level 5 in Fighting
  5511 | D:5      | Found a shattered altar of Ashenzari.
  5914 | D:6      | Reached XP level 8. HP: 49/63 MP: 8/8
  6040 | D:6      | Found a shimmering altar of Xom.
  6086 | D:6      | Found a bloodstained altar of Trog.
  6444 | D:6      | Reached ***** piety under Trog
  6572 | D:6      | Found a shimmering altar of Xom.
  6572 | D:6      | Found a shimmering altar of Xom.
  6574 | D:6      | Found a shimmering altar of Xom.
  6575 | D:6      | Found a shimmering altar of Xom.
  6712 | D:7      | Found a staircase to the Ecumenical Temple.
  6724 | D:7      | Reached skill level 6 in Fighting
  6783 | D:7      | Found Losakh's Armour Shop.
  6789 | D:7      | Bought the +3 chain mail "Hifixood" {rElec rN+ Str-2
                  | Stlth+} for 363 gold pieces
  6843 | D:7      | Found Ykuod's Jewellery Boutique.
  6978 | D:7      | Found Abyuneabue's Book Emporium.
  7033 | D:7      | Reached skill level 5 in Dodging
  7098 | D:7      | Reached skill level 5 in Polearms
  7168 | D:7      | Reached XP level 9. HP: 70/70 MP: 9/9
  7276 | D:8      | Noticed Prince Ribbit
  7276 | D:8      | Noticed Joseph
  7300 | D:8      | Killed Joseph
  7320 | D:8      | Killed Prince Ribbit
  7689 | D:8      | Reached skill level 7 in Fighting
  7824 | D:8      | Noticed Psyche
  7829 | D:8      | Cast into level 2 of the Abyss (Psyche)
  7830 | Abyss:2  | Found a corrupted altar of Lugonu.
  7855 | Abyss:2  | Noticed a starcursed mass
  7859 | Abyss:2  | Noticed an ancient zyme
  7861 | Abyss:2  | Noticed a sun demon
  7886 | Abyss:2  | HP: 1/72 [starcursed mass/accursed screaming (10)]
  7889 | Abyss:2  | Killed from afar by a starcursed mass

Vault maps used:
D:1:      sevenhm_arrival_forest_fort_large_2
D:2:      serial_forest, infiniplex_forest_side_room, infiniplex_forest_end_3,
          infiniplex_forest_lined_2, infiniplex_forest_straight_2,
          infiniplex_forest_3_way, infiniplex_forest_lined_2,
          serial_bayou_pond_c
D:4:      serial_shops, shop, first_ration
D:5:      basic_altar, gup_sewer_entry_pipe
D:6:      xom_redecorated, kennysheep_decorative_pillar, trog_eyes_of_draining
D:7:      temple_doors_e, serial_shops, kennysheep_mini, kennysheep_mini_moat,
          shop_fountains
D:8:      hangedman_little_slice_of_home, kennysheep_generic_room_14,
          uniq_psyche, uniq_prince_ribbit1, uniq_joseph
Sewer:    sewer_frog_island_02

Skill      XL: |  1  2  3  4  5  6  7  8  9 |
---------------+----------------------------+-----
Dodging        | 2 3 4 5 |  5.4
Polearms       | 1 2 5 6 |  6.4
Armour         | 2 3 |  3.0
Throwing       | 1 2 |  2.2
Fighting       | 4 5 6 7 |  7.0
Stealth        | 1 |  1.0
Maces & Flails | 3 4 |  4.4

Action                   |  1- 3 |  4- 6 |  7- 9 || total
-------------------------+-------+-------+-------++-------
Melee: Spear             |   108 |   116 |   262 ||   486
       Mace              |     2 |   143 |   154 ||   299
  Use: Scroll            |       |       |    17 ||    17
 Stab: Sleeping          |       |     1 |     1 ||     2
Armor: Animal skin       |    15 |    70 |    84 ||   169
       Chain mail        |       |       |    77 ||    77
Dodge: Dodged            |    73 |   211 |   281 ||   565

Table legend:
 A = Non-vault XP
 B = Vault XP
 C = Vault XP percentage of total XP
 D = Non-vault monster count
 E = Vault monster count
 F = Vault count percentage of total count
                 A         B        C        D         E       F
            +---------+---------+-------+---------+---------+-------
      Total |    2662 |    1808 |  40.4 |     125 |      81 |  39.3
            +---------+---------+-------+---------+---------+-------
        D:1 |      39 |       0 |   0.0 |      18 |       0 |   0.0
        D:2 |      92 |       0 |   0.0 |      24 |       0 |   0.0
        D:3 |      89 |       0 |   0.0 |      16 |       0 |   0.0
        D:4 |     233 |       0 |   0.0 |      12 |       0 |   0.0
        D:5 |     429 |      22 |   4.9 |      23 |       9 |  28.1
        D:6 |     399 |     385 |  49.1 |      10 |       3 |  23.1
        D:7 |     711 |       0 |   0.0 |      12 |       0 |   0.0
        D:8 |     670 |    1000 |  59.9 |      10 |      12 |  54.5
      Sewer |       0 |     401 | 100.0 |       0 |      57 | 100.0
            +---------+---------+-------+---------+---------+-------
